Map: Goldenaura LE

Players

Nimbus

  • Race: Protoss Protoss
  • League: Platinum
  • Spawn Location: 12:00

SubN

  • Race: Zerg Zerg
  • League: Diamond
  • Spawn Location: 5:00

VOD

Have the link to the VOD?

Description

Time

  • Played on: Dec. 19, 2023, 1:15 p.m.
  • Length: 13:18
Show
View Real Time Build Order
Export as new Build Order

Nimbus Protoss 

Build Orders:  

Get SALT Encoding   

  12  0:00  Probe  
  13  0:12  Probe  
  14  0:17  Pylon  
  14  0:25  Probe  
  15  0:36  Forge  
  15  0:51  Gateway  
  15  0:57  Pylon  
  15  1:05  Probe (Chrono Boost)  
  16  1:12  Assimilator  
  16  1:23  Probe (Chrono Boost)  
  16  1:31  Probe  
  17  1:43  Probe  
  18  1:48  Cybernetics Core  
  18  1:55  Probe  
  18  1:59  Pylon  
  19  2:08  Probe  
  20  2:20  Photon Cannon  
  20  2:29  Photon Cannon  
  20  2:32  Probe  
  21  2:45  Nexus  
  21  3:00  Probe  
  22  3:06  Assimilator  
  22  3:12  Warp Gate (Chrono Boost), Adept (Chrono Boost)  
  22  3:13  Probe  
  22  3:17  Photon Cannon  
  25  3:27  Pylon  
  25  3:33  Assimilator  
  25  3:45  Probe, Adept  
  27  3:49  Pylon  
  27  4:04  Twilight Council  
  28  4:13  Probe (Chrono Boost)  
  28  4:14  Probe (Chrono Boost)  
  28  4:15  Adept  
  31  4:21  Probe (Chrono Boost)  
  31  4:24  Probe (Chrono Boost)  
  34  4:33  Probe  
  34  4:37  Gateway  
  34  4:39  Probe  
  35  5:01  Adept  
  35  5:02  Probe x2  
  35  5:04  Gateway  
  35  5:05  Gateway  
  39  5:07  Robotics Facility  
  39  5:11  Resonating Glaives (Chrono Boost)  
  35  5:14  Probe  
  36  5:22  Gateway  
  36  5:25  Adept  
  36  5:39  Adept  
  36  5:40  Probe x2  
  38  5:46  Adept  
  40  5:52  Probe x2  
  42  6:03  Adept x3  
  48  6:14  Adept  
  48  6:15  Warp Prism (Chrono Boost)  
  52  6:21  Adept  
  54  6:26  Pylon  
  54  6:27  Pylon  
  52  6:50  Adept x5  
  52  7:18  Adept x5  
  58  7:33  Immortal (Chrono Boost), Probe x2  
  60  7:41  Stargate  
  54  7:45  Probe x2  
  54  7:49  Nexus  
  54  7:50  Pylon  
  56  7:56  Assimilator  
  56  7:57  Probe  
  56  7:58  Adept x2  
  59  8:00  Assimilator  
  59  8:01  Probe  
  59  8:03  Immortal  
  66  8:05  Pylon  
  66  8:09  Probe  
  69  8:29  Void Ray (Chrono Boost)  
  68  8:34  Zealot x2  
  68  8:35  Zealot x3  
  56  8:50  Immortal (Chrono Boost)  
  60  8:56  Zealot x4  
  68  9:06  Probe x3  
  71  9:14  Adept  
  73  9:18  Probe x3  
  73  9:20  Adept x2  
  80  9:30  Probe x3  
  83  9:41  Adept  
  83  9:42  Adept x2, Zealot x2  
  93  9:52  Probe x2  
  93  9:54  Probe  
  88  10:04  Probe  
  88  10:06  Void Ray (Chrono Boost)  
  93  10:18  Protoss Ground Weapons Level 1 (Chrono Boost)  
  93  10:20  Pylon  
  93  10:23  Pylon  
  93  10:24  Pylon  
  81  10:54  Robotics Bay  
  81  10:56  Robotics Facility  
  81  10:57  Zealot x2  
  81  10:58  Zealot x3  
  81  11:02  Immortal  
  99  11:07  Void Ray (Chrono Boost)  
  99  11:08  Probe  
  100  11:12  Gateway x2  
  100  11:13  Gateway  
  100  11:20  Zealot x4  
  100  11:21  Charge (Chrono Boost), Zealot  
  106  11:47  Disruptor x2  
  106  11:48  Zealot  
  114  12:07  Pylon  
  114  12:08  Nexus  
  114  12:09  Pylon  
  114  12:10  Pylon  
  114  12:13  Pylon  
  114  12:19  Forge, Templar Archives  
  114  12:25  Zealot  
  114  12:26  Zealot x2  
  124  12:31  Void Ray  
  124  12:34  Zealot x5  
  134  12:50  Zealot x3  
  125  13:02  Zealot x2  
  80  13:17  Zealot  
Show
View Real Time Build Order
Export as new Build Order

SubN Zerg 

Build Orders: Hatch First 

Get SALT Encoding   

  12  0:00  Drone  
  13  0:12  Overlord  
  13  0:17  Drone  
  14  0:30  Drone x2  
  16  0:49  Hatchery  
  15  1:10  Drone x3  
  18  1:13  Extractor  
  17  1:30  Spawning Pool  
  16  1:47  Drone x3  
  19  1:58  Overlord  
  19  2:07  Drone  
  20  2:17  Drone x2  
  22  2:25  Zergling x4  
  22  2:27  Queen  
  26  2:33  Spine Crawler  
  26  2:36  Spine Crawler  
  24  2:58  Drone x6  
  30  3:10  Drone x2  
  31  3:21  Drone x2, Queen  
  35  3:39  Drone  
  35  3:41  Metabolic Boost  
  36  3:54  Hatchery  
  35  4:00  Overlord x2  
  35  4:07  Overlord  
  35  4:10  Drone, Overlord  
  36  4:18  Queen  
  36  4:21  Zergling x2  
  36  4:22  Zergling x2  
  40  4:25  Queen  
  42  4:40  Drone x7  
  48  4:56  Drone x3  
  51  5:11  Queen  
  53  5:17  Drone x5, Extractor  
  57  5:22  Queen  
  57  5:23  Lair  
  59  5:35  Drone x6  
  65  5:51  Queen  
  65  5:55  Drone x7  
  74  6:03  Extractor  
  74  6:04  Extractor, Queen  
  72  6:11  Roach Warren  
  72  6:16  Drone x3  
  74  6:24  Overlord x3  
  74  6:25  Overlord  
  74  6:26  Spore Crawler  
  74  6:28  Spore Crawler  
  70  6:49  Zergling x6  
  69  7:08  Roach x14  
  87  7:09  Roach  
  97  7:23  Roach x5  
  103  7:33  Glial Reconstitution  
  103  7:38  Evolution Chamber x2  
  103  7:39  Queen  
  103  7:45  Roach  
  103  7:48  Overlord x4  
  105  7:54  Drone  
  106  8:05  Hatchery  
  105  8:06  Queen  
  105  8:10  Drone x7  
  105  8:11  Drone x3  
  117  8:15  Queen  
  115  8:29  Zergling x2  
  115  8:30  Zergling x6  
  109  8:41  Roach  
  109  8:42  Roach x4  
  111  8:50  Zerg Melee Weapons Level 1  
  111  8:51  Zerg Missile Weapons Level 1  
  111  8:53  Hydralisk Den  
  89  9:17  Drone x5  
  89  9:18  Drone x5  
  99  9:32  Hydralisk  
  99  9:33  Hydralisk x7  
  115  9:41  Grooved Spines  
  115  9:50  Hydralisk x6  
  115  9:51  Hydralisk x5  
  134  9:55  Zergling x2  
  129  10:13  Overlord  
  129  10:14  Overlord x2  
  129  10:15  Zergling x10  
  129  10:16  Zergling x4  
  136  10:23  Overlord x2  
  136  10:24  Overlord x3  
  136  10:32  Muscular Augments  
  136  10:39  Drone x6  
  136  10:40  Drone, Queen  
  136  10:42  Extractor  
  140  10:44  Extractor  
  137  10:51  Drone x3  
  137  10:52  Drone x3  
  143  10:59  Zerg Missile Weapons Level 2  
  143  11:02  Zerg Melee Weapons Level 2  
  143  11:07  Hatchery  
  143  11:10  Extractor  
  141  11:16  Overseer x2  
  141  11:17  Overseer  
  141  11:18  Infestation Pit  
  140  11:22  Roach x3  
  140  11:23  Roach x6  
  148  11:34  Baneling Nest  
  148  11:36  Roach x6  
  148  11:37  Roach x6  
  169  11:40  Overseer  
  167  11:57  Hydralisk  
  167  11:58  Hydralisk x4  
  167  12:00  Zergling x2  
  167  12:01  Zergling x14  
  185  12:20  Zergling x2  
  185  12:21  Zergling x24  
  198  12:32  Drone  
  198  12:33  Drone x2, Extractor  
  196  12:45  Roach  
Tags
 
Add a new tag
Caveats
  • Supply blocks, unpowered buildings, or Contaminate may cause inaccurate times.
  • Supply counts are checked every 10 seconds.